 Dungeon Crawl Stone Soup version 0.21.1-1-g345015fe64 (webtiles) character file.

183 Bighouser the Shooter (level 5, -10/39 HPs)
             Began as a Human Hunter on June 5, 2018.
             Mangled by an ogre
             ... wielding a +0 giant club
              (25 damage)
             ... on level 4 of the Dungeon.
             The game lasted 00:20:30 (3475 turns).

Bighouser the Shooter (Human Hunter)                Turns: 3475, Time: 00:20:31

Health: -10/39     AC: 11    Str: 13    XL:     5   Next: 94%
Magic:  5/5        EV:  3    Int: 11    God:
Gold:   159        SH:  0    Dex: 14    Spells: 4/4 levels left

rFire    . . .     SeeInvis .   C - +0 long sword
rCold    . . .     Gourm    .   (no shield)
rNeg     . . .     Faith    .   k - +0 plate armour
rPois    .         Spirit   .   p - +0 helmet
rElec    .         Reflect  .   (no cloak)
rCorr    .         Harm     .   (no gloves)
MR       .....                  (no boots)
Stlth    ..........             m - amulet of rage
HPRegen  0.13/turn              (no ring)
MPRegen  0.09/turn              (no ring)

@: no status effects
A: no striking features
a: Evoke Berserk Rage


You were on level 4 of the Dungeon.
You were not hungry.

You visited 1 branch of the dungeon, and saw 4 of its levels.

You collected 159 gold pieces.

Inventory:

Hand Weapons
 a - a +1 shortbow
 b - a +0 short sword
 h - a +0 dagger of electrocution
 x - a +0 hand axe
 C - a +0 long sword (weapon)
 E - a +0 morningstar
Missiles
 d - 42 arrows
 n - 34 poisoned needles
Armour
 c - a +0 leather armour
 e - a +0 ring mail
 i - a +0 chain mail
 k - a +0 plate armour (worn)
 p - a +0 helmet (worn)
 y - a +2 cloak
 F - a +1 ring mail of cold resistance
Jewellery
 m - an amulet of rage (around neck)
Scrolls
 g - 5 scrolls of teleportation {unknown}
 j - 2 scrolls of fear {unknown}
 o - 5 scrolls of identify {unknown}
 r - a scroll of enchant weapon {unknown}
 v - 2 scrolls of enchant armour {unknown}
 A - a scroll of magic mapping {unknown}
 B - a scroll of noise {unknown}
 G - a scroll of immolation {unknown}
Potions
 l - a potion of cancellation {unknown}
 q - a potion of mutation {unknown}
 s - a potion of resistance {unknown}
 t - 2 potions of curing {unknown}
 u - a potion of degeneration {unknown}
 w - 2 potions of magic {unknown}
 D - a potion of heal wounds {unknown}
Books
 z - a book of Changes

   Spells                             Type                      Level
   a - Beastly Appendage              Transmutation                1
   b - Sticks to Snakes               Transmutation                2
   c - Spider Form                    Transmutation/Poison         3
   d - Ice Form                       Ice/Transmutation            4
   e - Blade Hands                    Transmutation                5
Comestibles
 f - 5 rations


   Skills:
 + Level 2.7 Fighting
 - Level 1.3(1.5) Short Blades
 * Level 1.0(1.3) Long Blades
 + Level 5.7 Bows
 + Level 1.0 Armour
 + Level 2.2 Dodging
 - Level 1.0 Stealth


You had 4 spell levels left.
You didn't know any spells.

Dungeon Overview and Level Annotations

Branches:
Dungeon (4/15)
 Temple: D:4-7

Altars:
Dithmenos
Gozag
Qazlal


Message History

Aim: an ogre, wielding a giant club (moderately wounded)
You shoot an arrow. The arrow hits the ogre!
The ogre is heavily wounded.
Firing (i - inventory):
d - 43 arrows (quivered)
Press: ? - help, Shift-Dir - straight line, f/p - ogre
Aim: an ogre, wielding a giant club (heavily wounded)
You shoot an arrow. The arrow hits the ogre.
The ogre is heavily wounded.
C - a +0 long sword (weapon)
Your plate armour prevents you from hitting the ogre.
The ogre is heavily wounded.
The ogre hits you with a giant club!
You completely miss the ogre.
The ogre is heavily wounded.
The ogre hits you with a giant club!
Your plate armour prevents you from hitting the ogre.
The ogre is heavily wounded.
The ogre hits you with a giant club!!
Ouch! That really hurt!
You die...

#....###.
#........
.........
........# ###
........#+#....
...............
...............
.......@.......
###....O.......
+............
#..(......###
#.(.........
#...?#.......
#.... .......
##### .......


You could see an ogre.

Vanquished Creatures
  A hound (D:3)
  3 adders (D:3)
  A worm (D:3)
  2 dart slugs
  4 leopard geckos
  7 orcs (D:3)
  3 ball pythons
  6 giant cockroaches
  7 goblins
  10 hobgoblins
  12 jackals
  2 quokkas
  8 bats
  4 frilled lizards
  13 kobolds
  12 rats
95 creatures vanquished.

Notes
Turn   | Place    | Note
-------+----------+-------------------------------------------
     0 | D:1      | Bighouser the Human Hunter began the quest for the Orb.
     0 | D:1      | Reached XP level 1. HP: 16/16 MP: 1/1
   200 | D:1      | Reached XP level 2. HP: 22/22 MP: 2/2
   311 | D:1      | Reached XP level 3. HP: 27/27 MP: 3/3
  1084 | D:2      | Reached XP level 4. HP: 33/33 MP: 4/4
  1141 | D:2      | Reached skill level 1 in Short Blades
  1143 | D:2      | Reached skill level 5 in Bows
  1292 | D:2      | Found an opulent altar of Gozag.
  2174 | D:3      | Reached XP level 5. HP: 39/39 MP: 5/5
  2347 | D:3      | Found a stormy altar of Qazlal.
  2347 | D:3      | Noticed a water elemental
  2348 | D:3      | Noticed a fire elemental
  2348 | D:3      | Noticed an air elemental
  3252 | D:3      | Reached skill level 1 in Long Blades
  3257 | D:3      | Found a shadowy altar of Dithmenos.
  3367 | D:3      | Reached skill level 1 in Armour
  3467 | D:4      | Noticed an ogre
  3475 | D:4      | Mangled by an ogre

Skill      XL: |  1  2  3  4  5 |
---------------+----------------+-----
Short Blades   | 1 |  1.3
Bows           | 5 |  5.7
Long Blades    | 1 |  1.0
Armour         | 1 |  1.0
Fighting       | |  2.7
Dodging        | |  2.2
Stealth        | |  1.0

Action                   |  1- 3 |  4- 6 || total
-------------------------+-------+-------++-------
Melee: Dagger            |     7 |    36 ||    43
       Long sword        |       |    23 ||    23
 Fire: Shortbow          |   108 |   180 ||   288
  Eat: Ration            |       |     3 ||     3
Armor: Ring mail         |    13 |       ||    13
       Plate armour      |    15 |   124 ||   139
Dodge: Dodged            |    20 |    24 ||    44
